 Dungeon Crawl Stone Soup version 0.30-a0-847-g17996783a1 (webtiles) character file.

Game seed: 11664484907262300966

2901 Pimp the Protected (level 9, 0/75 (83) HPs)
             Began as an Armataur Fighter on Mar 3, 2023.
             Slain by a harpy skeleton (8 damage)
             ... on level 1 of the Abyss.
             The game lasted 00:16:13 (6486 turns).

Pimp the Protected (Armataur Fighter)               Turns: 6486, Time: 00:16:14

HP:   0/75 (83)     AC: 11    Str: 26    XL:     9   Next: 49%
MP:   9/9           EV:  8    Int:  8    God:
Gold: 388           SH:  6    Dex: 16    Spells: 8/8 levels left

rFire   . . .      SeeInvis +    a - +3 war axe (elec)
rCold   . . .      Faith    .    c - +0 buckler
rNeg    . . .      Spirit   .    p - +2 leather armour {rPois}
rPois   +          Reflect  .    y - +0 helmet
rElec   .          Roll     +    (no cloak)
rCorr   .                        o - +1 pair of gloves
Will    .....                    (no barding)
Stlth   +                        (no amulet)
HPRegen 0.32/turn                m - +6 ring of dexterity
MPRegen 0.11/turn                q - ring of see invisible

@: about to teleport, drained
A: large, rugged brown scales 3, deformed body, armoured tail, roll, long
tongue, awkward tongue
a: no special abilities


You were on level 1 of the Abyss.
You visited 2 branches of the dungeon, and saw 10 of its levels.
You visited the Abyss 1 time.

You collected 388 gold pieces.

Inventory:

Hand Weapons
 a - a +3 war axe of electrocution (weapon)
Missiles
 r - 5 throwing nets
Armour
 b - a +0 scale mail
 c - a +0 buckler (worn)
 o - a +1 pair of gloves (worn)
 p - a +2 leather armour of poison resistance (worn)
 y - a +0 helmet (worn)
Jewellery
 m - a +6 ring of dexterity (left hand)
 q - a ring of see invisible (right hand)
Wands
 g - a wand of polymorph (19)
 i - a wand of flame (37)
 j - a wand of paralysis (7) (quivered)
Scrolls
 f - 4 scrolls of teleportation
 l - a scroll of enchant armour
 s - a scroll of identify
Potions
 d - a potion of might
 e - 4 potions of flight
 h - a potion of lignification
 k - 2 potions of haste {unknown}
 n - a potion of attraction {unknown}
 t - a potion of invisibility {unknown}
 u - a potion of brilliance {unknown}
 v - 2 potions of curing
 w - 2 potions of heal wounds {unknown}
 z - a potion of cancellation {unknown}
 A - a potion of mutation {unknown}


   Skills:
 + Level 6.5 Fighting
 + Level 5.6 Axes
 + Level 8.8 Armour
 + Level 8.0 Shields


You had 8 spell levels left.
You didn't know any spells.
Your spell library contained the following spells:

 Spells                   Type           Power      Damage    Failure   Level
 Kindle Blastsparks       Fire/Tloc/Air  0%         2d10      86%         3
 Fulminant Prism          Conj/Hex       0%         3d5       99%         4
 Iskenderun's Mystic Bla  Conj/Tloc      0%         2d3       99%         4
 Passage of Golubria      Tloc           0%         N/A       99%         4
 Lee's Rapid Deconstruct  Erth           0%         3d4*      100%        5
 Silence                  Hex/Air        0%         N/A       100%        5
 Lehudib's Crystal Spear  Conj/Erth      0%         10d2      100%        8


Dungeon Overview and Level Annotations

Branches:
Dungeon (10/15)            Temple (1/1) D:7
   Lair: D:8-11         Orc: D:9-12

Altars:
Ashenzari
Dithmenos
Elyvilon
Fedhas
Hepliaklqana
Kikubaaqudgha
Makhleb
Nemelex Xobeh
Qazlal
Ru
Sif Muna
Trog
Uskayaw
Vehumet
Wu Jian
Yredelemnul
Zin
The Shining One

Annotations:
D:7 Prince Ribbit
D:9 Erolcha


Innate Abilities, Weirdness & Mutations

You are completely covered in rugged brown scales. (AC +3, +7% HP)
Armour fits poorly on your strangely shaped body.
You have a long armoured tail.
You roll when moving toward enemies. (Rampage)
Your long tongue fully drains potion bottles. (2x potion effects)
Your tongue gives you trouble enunciating. (1.5x scroll delay)


Message History

The deep elf elementalist attacks as you move away!
The deep elf elementalist hits you with a +4 short sword of draining.
You feel drained.
The deep elf elementalist hits you with a +4 short sword of draining.
You feel drained.
As you slowly read the scroll of teleportation, it crumbles to dust.
You feel strangely unstable.
You feel the power of the Abyss delaying your translocation!
The deep elf elementalist hits you with a +4 short sword of draining!
You feel drained.
The deep elf elementalist hits you with a +4 short sword of draining.
You feel drained.
The deep elf elementalist attacks as you move away!
The deep elf elementalist hits you with a +4 short sword of draining.
You feel drained.
The deep elf elementalist casts a spell at you.
The fireball explodes!
The fireball engulfs you!
* * * LOW HITPOINT WARNING * * *
The orange demon screeches!
The orange demon stings you but does no damage.
The orange demon closely misses you.
The deep elf elementalist attacks as you move away!
The deep elf elementalist hits you with a +4 short sword of draining.
* * * LOW HITPOINT WARNING * * *
You feel drained.
The deep elf elementalist casts a spell at you.
Some walls begin to move on their own!
The harpy skeleton closely misses you. The harpy skeleton barely misses you.
The deep elf elementalist gestures next to you while chanting.
Some walls begin to move on their own!
The harpy skeleton claws you.
* * * LOW HITPOINT WARNING * * *
The harpy skeleton barely misses you.
The orange demon stings you but does no damage.
Okay, then.
Okay, then.
The harpy skeleton claws you but does no damage.
The harpy skeleton barely misses you.
The harpy skeleton attacks as you move away!
The harpy skeleton claws you!
You die...

.##.#.##
.
..#h#....
#.h...#
####.##
#.....##
#.#...E#
#.#e4..#
#E#Z####
#.@.# ###
#.#....#
##.#....#
. #.#.#
#. ## .#
.# .


You could see a deep elf elementalist (fast, repels missiles), an orange demon,
2 earth elementals, a raiju and a harpy skeleton.

Vanquished Creatures
  Grinder (D:4)
  2 wyverns (D:9)
  Eustachio (D:4)
  Menkaure (D:7)
  An ogre (D:7)
  2 black bears
  A centaur (D:6)
  A phantom (D:7)
  5 scorpions
  3 wights (D:7)
  7 howler monkeys
  2 jellies
  3 iron imps (D:6)
  3 hounds
  2 orc priests
  A gnoll bouda (D:4)
  2 sleepcaps
  3 iguanas (D:6)
  Ijyb (D:3)
  4 orc wizards
  12 adders
  14 gnolls
  3 shadow imps (D:7)
  2 white imps
  An ufetubus (D:6)
  3 worms
  A dart slug (D:4)
  26 orcs
  4 bats
  4 endoplasms
  6 giant cockroaches
  4 goblins
  9 hobgoblins
  8 quokkas
  6 ball pythons
  6 frilled lizards
  9 kobolds
  4 rats
168 creatures vanquished.

Vanquished Creatures (others)
  5 plants (D:7)
5 creatures vanquished.

Grand Total: 173 creatures vanquished

Notes
Turn   | Place    | Note
-------+----------+-------------------------------------------
     0 | D:1      | Pimp the Armataur Fighter began the quest for the Orb.
     0 | D:1      | Reached XP level 1. HP: 19/19 MP: 1/1
   247 | D:1      | Reached XP level 2. HP: 23/26 MP: 2/2
   646 | D:2      | Reached XP level 3. HP: 33/33 MP: 3/3
  1188 | D:3      | Reached XP level 4. HP: 24/40 MP: 4/4
  1286 | D:3      | Found a radiant altar of Vehumet.
  1303 | D:3      | Reached XP level 5. HP: 39/48 MP: 5/5
  1517 | D:3      | Found a sparkling altar of Nemelex Xobeh.
  1520 | D:3      | Noticed Ijyb
  1524 | D:3      | Paralysed by Ijyb for 2 turns
  1529 | D:3      | Paralysed by Ijyb for 3 turns
  1536 | D:3      | Killed Ijyb
  2030 | D:4      | Found a bloodstained altar of Trog.
  2086 | D:4      | Reached skill level 5 in Armour
  2133 | D:4      | Reached XP level 6. HP: 25/55 MP: 6/6
  2295 | D:4      | Noticed Eustachio
  2312 | D:4      | Killed Eustachio
  2313 | D:4      | Reached skill level 5 in Shields
  2587 | D:4      | Reached XP level 7. HP: 61/63 MP: 7/7
  2622 | D:4      | Noticed Grinder
  2687 | D:4      | Killed Grinder
  3217 | D:5      | Entered Level 5 of the Dungeon
  3360 | D:5      | Identified the +2 dagger of the Open Hand {freeze, rF+ rC+
                  | Dex+2}
  3419 | D:5      | Reached skill level 5 in Fighting
  3419 | D:5      | Reached XP level 8. HP: 43/72 MP: 8/8
  4133 | D:6      | Found a burning altar of Makhleb.
  4746 | D:7      | Found an ornate altar of the Wu Jian Council.
  4756 | D:7      | Noticed Prince Ribbit
  4760 | D:7      | Noticed Menkaure
  5006 | D:7      | Reached skill level 5 in Axes
  5161 | D:7      | Killed Menkaure
  5162 | D:7      | Reached XP level 9. HP: 65/80 MP: 9/9
  5361 | D:7      | Found a shadowy altar of Dithmenos.
  5380 | D:7      | Found a staircase to the Ecumenical Temple.
  5391 | Temple   | Entered the Ecumenical Temple
  5702 | D:7      | Found a hide-covered altar of Uskayaw.
  5885 | D:7      | You fall into a shaft and drop 2 floors!
  5887 | D:9      | Found a shimmering blue altar of Sif Muna.
  5890 | D:9      | Noticed Erolcha
  5962 | D:10     | Entered Level 10 of the Dungeon
  6171 | D:9      | Found a hazy altar of Hepliaklqana.
  6199 | D:9      | Found a broken altar of Ashenzari.
  6366 | Abyss:1  | Cast into level 1 of the Abyss (Erolcha)
  6450 | Abyss:1  | Noticed a large abomination
  6473 | Abyss:1  | Noticed a deep elf elementalist
  6480 | Abyss:1  | Noticed an orange demon
  6486 | Abyss:1  | Slain by a harpy skeleton

Illustrated notes

Levels and vault maps discovered:
D:1:      lightli_iron_boxes, layout_rooms, chequers_serial_rivers_small_b,
          minmay_statues_item
D:2:      layout_rooms, minmay_fountain_box
D:3:      layout_loops_ring, vehumet_altar_wand_db, mainiacjoe_overflow_paths,
          uniq_ijyb
D:4:      layout_basic, trog_butcher_becter, uniq_eustachio, uniq_grinder
D:5:      layout_rooms
D:6:      layout_basic, demons_altar
D:7:      layout_basic, grunt_dithmenos_shadows,
          nicolae_uskayaw_murder_on_the_dancefloor,
          mainiacjoe_overflow_small_starburst, minmay_temple_entry_overgrown,
          uniq_menkaure, uniq_prince_ribbit1
D:9:      layout_basic, worldfamousw_hep_ancestral_shrine,
          mainiacjoe_overflow_six_doors_small, nicolae_ashenzari_skybound,
          nicolae_sif_muna_condensation, kennysheep_little_box, erik_orc_2,
          nicolae_figureground_sparkle, uniq_erolcha
D:10:     layout_grid_maze, hangedman_decor_points, uniq_urug, uniq_erica
Temple:   hellmonk_temple_two_chambers
Abyss:1:  base:
D:9

Skill      XL: |  1  2  3  4  5  6  7  8  9 |
---------------+----------------------------+-----
Fighting       | 3 4 5 6 |  6.5
Armour         | 4 5 6 8 |  8.8
Axes           | 2 3 4 5 |  5.6
Shields        | 4 5 6 7 8 |  8.0

Action                     |  1- 3 |  4- 6 |  7- 9 || total
---------------------------+-------+-------+-------++-------
  Melee: War axe           |    96 |   119 |   209 ||   424
         Tailslap          |    11 |    13 |    29 ||    53
         Unarmed           |       |       |     6 ||     6
  Evoke: Wand              |       |       |     1 ||     1
    Use: Scroll            |     5 |     4 |    11 ||    20
         Potion            |       |       |     2 ||     2
   Stab: Sleeping          |       |     1 |     2 ||     3
         Confused          |       |       |     2 ||     2
         Paralysed         |       |       |     3 ||     3
 Armour: Scale mail        |    55 |    30 |       ||    85
         Leather armour    |       |    40 |   102 ||   142
         Skin              |       |       |     2 ||     2
  Dodge: Dodged            |    31 |    56 |    92 ||   179
  Block: Buckler           |    18 |    32 |    74 ||   124

Table legend: (Time is in decaauts)
 A = Elapsed time spent in this place.
 B = Non-inter-level travel time spent in this place.
 C = Inter-level travel time spent in this place.
 D = Time resting spent in this place.
 E = Time spent auto-exploring this place.
 F = Levels seen in this place.
 G = Mean time per level.
                   A        B        C        D        E       F      G
               +--------+--------+--------+--------+--------+-----+--------+
         Total |   6637 |   6429 |    208 |   1153 |   3776 |  11 |  603.4 |
       Dungeon |   6489 |   6281 |    208 |   1153 |   3724 |   9 |  721.0 |
        Temple |     27 |     27 |      0 |      0 |      0 |   1 |   27.0 |
         Abyss |    120 |    120 |      0 |      0 |     52 |   1 |  120.0 |
               +--------+--------+--------+--------+--------+-----+--------+

Top non-repeatable levels by time:
     D:6: 1427 daAuts
     D:4: 1266 daAuts
     D:3: 820 daAuts
     D:7: 674 daAuts
     D:1: 638 daAuts
     D:2: 583 daAuts
     D:5: 583 daAuts
     D:9: 329 daAuts
    D:10: 164 daAuts
 Abyss:1: 120 daAuts
  Temple: 27 daAuts
